 Dungeon Crawl Stone Soup version 0.27-a0-1140-g099f9bb0e8 (webtiles) character file.

Game seed: 17629189470705442626

25 Mrcawl the Slasher (level 3, 0/26 HPs)
             Began as an Octopode Berserker on May 8, 2021.
             Was a Follower of Trog.
             Succumbed to an adder's poison
             ... on level 2 of the Dungeon.
             The game lasted 00:00:58 (858 turns).

Mrcawl the Slasher (Octopode Berserker)              Turns: 858, Time: 00:00:59

Health: 0/26       AC:  1    Str: 16    XL:     3   Next: 4%
Magic:  3/3        EV: 13    Int:  9    God:    Trog [*.....]
Gold:   86         SH:  0    Dex: 12    Spells: 2/2 levels left

rFire    . . .     SeeInvis .   a - +0 falchion (flame)
rCold    . . .     Faith    .   (no shield)
rNeg     . . .     Spirit   .   (helmet restricted)
rPois    .         Reflect  .   (no amulet)
rElec    .         Harm     .   (no ring)
rCorr    .         Rampage  .   (no ring)
Will     .....                  (no ring)
Stlth    ++........             (no ring)
HPRegen  0.08/turn              (no ring)
MPRegen  0.08/turn              (no ring)
                                (no ring)
                                (no ring)

@: lethally poisoned (0 -> -4)
A: almost no armour, amphibious, 8 rings, camouflage 1, gelatinous body 1,
(nimble swimmer 1), tentacles
a: Renounce Religion, Berserk


You were on level 2 of the Dungeon.
You worshipped Trog.
Trog was aware of your devotion.
You visited 1 branch of the dungeon, and saw 2 of its levels.

You collected 86 gold pieces.

Inventory:

Hand Weapons
 a - a +0 falchion of flaming (weapon)


   Skills:
 + Level 3.2 Fighting
 * Level 3.6 Long Blades
 + Level 3.2 Dodging


You had 2 spell levels left.
You didn't know any spells.
Your spell library was empty.

Dungeon Overview and Level Annotations

Branches:
Dungeon (2/15)

Altars:


Innate Abilities, Weirdness & Mutations

You cannot wear most types of armour.
You are amphibious.
You can wear up to eight rings at the same time.
Your skin changes colour to match your surroundings (Stealth+).
Your rubbery body absorbs attacks. (AC +1, EV +1)
((You are camouflaged near water. (Stealth+)))
You have tentacles for arms and can constrict up to eight enemies at once.


Message History

No target in view!
No target in view!
No target in view!
HP restored.
You now have 86 gold pieces (gained 7).
You see here a jackal corpse.
You see here a jackal corpse.
A hobgoblin comes into view.
The hobgoblin moves out of view.
A hobgoblin is nearby!
A hobgoblin is nearby!
An adder comes into view.
A goblin comes into view. It is wielding a +0 club.
A rat comes into view.
The goblin shouts!
The adder hisses angrily.
A worm comes into view.
The adder bites you.
You are poisoned.
The adder poisons you!
You miss the adder.
The hobgoblin shouts!
Your grab misses the adder.
You feel sick. The adder bites you. x2
You closely miss the adder. You grab the adder. You constrict the adder.
You feel sick. The adder bites you. The goblin hits you with a +0 club.
* * * LOW HITPOINT WARNING * * *
You are too injured to fight recklessly!
There are monsters nearby!
There are monsters nearby!
You release your grip on the adder.
You feel sick. The adder bites you.
* * * LOW HITPOINT WARNING * * *
You are lethally poisoned!
The adder poisons you!
* * * LOW HITPOINT WARNING * * *
You feel sick. The goblin hits you with a +0 club.
* * * LOW HITPOINT WARNING * * *
You aren't carrying any potions.
* * * LOW HITPOINT WARNING * * *
You feel sick.
You aren't carrying any scrolls.
You die...

.......## .......##
........# ######.......#
###### ####.....g.......
##....####.......r..w...#
#..........####.Sg##...##
#†....###### #.### #.#
#†########## #@# .# #†#
#†.....##...# ##.#
#......##.### #..#
#......##.#
#.####....<....#
.............###
..####.#####.# ### #.#
..# #.# #


You could see an adder, a hobgoblin and a rat.

Vanquished Creatures
  2 endoplasms
  3 goblins (D:1)
  2 hobgoblins (D:1)
  4 jackals (D:2)
  2 quokkas (D:1)
  A ball python (D:1)
  3 bats
  4 rats (D:1)
21 creatures vanquished.

Notes
Turn   | Place    | Note
-------+----------+-------------------------------------------
     0 | D:1      | Mrcawl the Octopode Berserker began the quest for the Orb.
     0 | D:1      | Reached XP level 1. HP: 16/16 MP: 1/1
   287 | D:1      | Found a faded altar of an unknown god.
   295 | D:1      | Reached XP level 2. HP: 19/21 MP: 2/2
   757 | D:2      | Reached XP level 3. HP: 20/26 MP: 3/3
   857 | D:2      | HP: 1/26 [poisoned by an adder]
   858 | D:2      | Succumbed to an adder's poison

Illustrated notes

Levels and vault maps discovered:
D:1:      ncdulo_smallfort, layout_loops_ring, ebering_ecumenical_altar_ruins,
          minmay_pentomino_x2
D:2:      layout_rooms, columned_hall_lemuel

Action                   || total
-------------------------++-------
Melee: Falchion          ||    29
       Constrict         ||     6
       Tentacles         ||     2
  Use: Scroll            ||     2
 Stab: Sleeping          ||     6
Dodge: Dodged            ||    20
       Rpst.: Falchion   ||     6

Table legend: (Time is in decaauts)
 A = Elapsed time spent in this place.
 B = Non-inter-level travel time spent in this place.
 C = Inter-level travel time spent in this place.
 D = Time resting spent in this place.
 E = Time spent auto-exploring this place.
 F = Levels seen in this place.
 G = Mean time per level.
                   A        B        C        D        E       F      G
               +--------+--------+--------+--------+--------+-----+--------+
         Total |    861 |    845 |     16 |      0 |    733 |   2 |  430.5 |
       Dungeon |    861 |    845 |     16 |      0 |    733 |   2 |  430.5 |
               +--------+--------+--------+--------+--------+-----+--------+

Top non-repeatable levels by time:
     D:1: 736 daAuts
     D:2: 125 daAuts
